[Event "Gibraltar Masters 18th"]
[Site "Gibraltar"]
[Date "2020.01.21"]
[Round "1.1"]
[White "Mullick, Raahil"]
[Black "Mamedyarov, Shakhriyar"]
[Result "0-1"]
[ECO "C60"]
[WhiteElo "2382"]
[BlackElo "2770"]
[PlyCount "92"]
[EventDate "2020.01.21"]
[EventType "swiss"]
[EventRounds "10"]
[EventCountry "GGB"]
[SourceTitle "BritBase"]
[Source "John Saunders"]
[SourceDate "2021.06.05"]
[SourceVersion "1"]
[SourceVersionDate "2021.06.05"]
[SourceQuality "1"]
[TimeControl "40/100:0"]
[WhiteClock "0:34:42"]
[BlackClock "1:20:09"]

1. e4 e5 2. Nf3 Nc6 3. Bb5 g6 4. O-O Bg7 5. c3 a6 6. Ba4 Nge7 7. d4 exd4 8. cxd4 b5 9. Bb3 O-O 10. Nc3 Na5 11. Bc2 d6 12. h3 c5 13.
dxc5 dxc5 14. Qxd8 Rxd8 15. Bg5 Re8 16. Rad1 Be6 17. e5 Nec6 18. Ne4 Nxe5 19. Nfd2 Rec8 20. Nd6 Rc7 21. N2e4 Nd7 22. Bf4 Rca7 23. b3 Nc6 24. Ng5 Nd4 25. Nxe6 fxe6 26. Bd3 Rf8 27. Bg3 Be5 28. Bxe5 Nxe5 29. Bb1 Rd8 30. Ne4 c4 31. bxc4 Nxc4 32. Bc2 Kf7 33. Bb3 Ke7 34. Bxc4 bxc4 35. Nc3 Rb7 36. Rb1 Rdb8 37. Rbd1 Nb5 38. Ne4 c3 39. Nc5 Ra7 40. Rfe1 Rb6 41. Rc1 Rc7 42. Nd3 Rd6 43. Nb4 Rc4 44. Nc2 Ra4 45. Ra1 Rd2 46. Rec1 e5 0-1

[Event "Gibraltar Masters 18th"]
[Site "Gibraltar"]
[Date "2020.01.21"]
[Round "1.2"]
[White "Vachier-Lagrave, Maxime"]
[Black "Sukandar, Irine Kharisma"]
[Result "1-0"]
[ECO "B35"]
[WhiteElo "2770"]
[BlackElo "2402"]
[PlyCount "71"]
[EventDate "2020.01.21"]
[EventType "swiss"]
[EventRounds "10"]
[EventCountry "GGB"]
[SourceTitle "BritBase"]
[Source "John Saunders"]
[SourceDate "2021.06.05"]
[SourceVersion "1"]
[SourceVersionDate "2021.06.05"]
[SourceQuality "1"]
[TimeControl "40/100:0"]
[WhiteClock "0:14:25"]
[BlackClock "0:02:19"]

1. e4 c5 2. Nf3 Nc6 3. Nc3 g6 4. d4 cxd4 5. Nxd4 Bg7 6. Be3 Nf6 7. Bc4 O-O 8. Bb3 Re8 9. O-O d6 10. h3 Na5 11. Qd2 a6 12. Bh6 Bh8 13.
f4 Nxb3 14. axb3 Qb6 15. e5 Nh5 16. Qe3 Be6 17. g4 Bg7 18.
Bxg7 Nxg7 19. f5 Bd7 20. Nd5 Qc5 21. c4 Bc6 22. b4 Qa7 23.
e6 Bxd5 24. cxd5 f6 25. g5 gxf5 26. gxf6 exf6 27. Kh1 Kh8 28. Rac1 Nh5 29. Rxf5 Ng3+ 30. Qxg3 Qxd4 31. Rc7 Qd1+ 32. Kh2 Qd2+ 33. Rf2 Qh6 34. Qxd6 Rad8 35. Rd7 Qh4 36. Rg2 1-0

[Event "Gibraltar Masters 18th"]
[Site "Gibraltar"]
[Date "2020.01.21"]
[Round "1.3"]
[White "Percivaldi, Martin"]
[Black "Wang, Hao"]
[Result "0-1"]
[ECO "E09"]
[WhiteElo "2403"]
[BlackElo "2758"]
[PlyCount "72"]
[EventDate "2020.01.21"]
[EventType "swiss"]
[EventRounds "10"]
[EventCountry "GGB"]
[SourceTitle "BritBase"]
[Source "John Saunders"]
[SourceDate "2021.06.05"]
[SourceVersion "1"]
[SourceVersionDate "2021.06.05"]
[SourceQuality "1"]
[TimeControl "40/100:0"]
[WhiteClock "0:01:32"]
[BlackClock "0:01:54"]

1. d4 d5 2. c4 e6 3. Nf3 c6 4. Nbd2 Nf6 5. g3 Be7 6. Bg2 O-O 7. Qc2 b6 8. O-O Bb7 9. e4 dxc4 10. Nxc4 Nbd7 11. Rd1 c5 12. Nfe5 cxd4 13. Rxd4 Qc7 14. Bf4 Nxe5 15. Bxe5 Qc6 16. Qe2 Rad8 17. Rxd8 Rxd8 18. Bc3 Ba6 19. b3 b5 20. Bxf6 gxf6 21. Ne3 b4 22. Qg4+ Kf8 23. Qh5 Qc3 24. Rb1 Bc5 25. Ng4 Qc2 26. Qh6+ Ke8 27. Rf1 Bxf1 28. Bxf1 Rd1 29. Nxf6+ Ke7 30. Ng8+ Ke8 31. Nf6+ Ke7 32. Ng8+ Kd7 33. Qf4 Qd3 34. Qxf7+ Kd8 35. Qf6+ Kc7 36. Qe5+ Kb7 0-1

[Event "Gibraltar Masters 18th"]
[Site "Gibraltar"]
[Date "2020.01.21"]
[Round "1.5"]
[White "Houska, Jovanka"]
[Black "Navara, David"]
[Result "0-1"]
[ECO "A46"]
[WhiteElo "2401"]
[BlackElo "2717"]
[PlyCount "122"]
[EventDate "2020.01.21"]
[EventType "swiss"]
[EventRounds "10"]
[EventCountry "GGB"]
[SourceTitle "BritBase"]
[Source "John Saunders"]
[SourceDate "2021.06.05"]
[SourceVersion "1"]
[SourceVersionDate "2021.06.05"]
[SourceQuality "1"]
[TimeControl "40/100:0"]
[WhiteClock "0:22:17"]
[BlackClock "1:01:51"]

1. d4 Nf6 2. Nf3 e6 3. Bf4 c5 4. e3 Qb6 5. Na3 cxd4 6. Nb5 Nd5 7. Qxd4 Qxd4 8. Nfxd4 Nxf4 9. exf4 Bb4+ 10. c3 Ba5 11. Nd6+ Ke7 12. Nxc8+ Rxc8 13. Bd3 Nc6 14. Nxc6+ bxc6 15. f5 e5 16. Ke2 d5 17. b4 Bd8 18. Ba6 Rc7 19. Rhd1 Rb8 20. f3 Rb6 21. Bd3 c5 22. c4 dxc4 23.
Bxc4 Rxb4 24. Rac1 Rb2+ 25. Rd2 Rxd2+ 26. Kxd2 Kf6 27. Bd3 g6 28. fxg6 hxg6 29. Kc3 Kg5 30. Bb5 f5 31. Rd1 Bf6 32. Kc4 Rh7 33. h3 e4 34. fxe4 fxe4 35. Kd5 e3 36. Ke4 Bd4 37. Rf1 Re7+ 38.
Kd3 Kh4 39. Ke2 Kg3 40. Bd3 Re6 41. a4 Kxg2 42. a5 g5 43.
Rf5 Re5 44. Rxe5 Bxe5 45. Bf5 Bd4 46. Be6 Kg3 47. a6 Kg2 48.
Ke1 Bc3+ 49. Ke2 Bd2 50. Kd1 Kg3 51. Ke2 Kf4 52. Bf7 Ke4 53.
Kd1 Kd4 54. Bg8 c4 55. Bf7 c3 56. Bh5 Ke5 57. Bg6 Kf4 58. Ke2 Kg3 59. Bf5 Kg2 60. Kd3 Kf2 61. Bg4 c2 0-1

[Event "Gibraltar Masters 18th"]
[Site "Gibraltar"]
[Date "2020.01.21"]
[Round "1.6"]
[White "Le, Quang Liem"]
[Black "Trent, Lawrence"]
[Result "1-0"]
[ECO "C78"]
[WhiteElo "2713"]
[BlackElo "2383"]
[PlyCount "81"]
[EventDate "2020.01.21"]
[EventType "swiss"]
[EventRounds "10"]
[EventCountry "GGB"]
[SourceTitle "BritBase"]
[Source "John Saunders"]
[SourceDate "2021.06.05"]
[SourceVersion "1"]
[SourceVersionDate "2021.06.05"]
[SourceQuality "1"]
[TimeControl "40/100:0"]
[WhiteClock "0:05:24"]
[BlackClock "0:01:16"]

1. e4 e5 2. Nf3 Nc6 3. Bb5 a6 4. Ba4 Nf6 5. O-O Bc5 6. c3 O-O 7. d4 Ba7 8. Re1 d6 9. h3 Bd7 10. Be3 Re8 11. Bc2 exd4 12. cxd4 d5 13.
e5 Ne4 14. Nc3 Bf5 15. a3 Bg6 16. Qb1 Qd7 17. Nxe4 dxe4 18. Bxe4 Nxd4 19. Bxd4 Bxd4 20. Re2 Rad8 21. Bxg6 hxg6 22. Qe4 c5 23. Rae1 b5 24. Qh4 f6 25. Qg3 Kh7 26. Re4 Qf5 27. b4 Bxe5 28. Nxe5 fxe5 29. Rxe5 Rxe5 30. Rxe5 Qf6 31. Rxc5 Rd1+ 32. Kh2 Rd2 33. f3 Qd6 34. Re5 Qf6 35. Re3 Rd4 36. Qb8 Qd6+ 37. Qxd6 Rxd6 38. h4 Rd4 39. Kg3 a5 40. Re4 Rd3 41. a4 1-0

[Event "Gibraltar Masters 18th"]
[Site "Gibraltar"]
[Date "2020.01.21"]
[Round "1.7"]
[White "Lombaers, Peter"]
[Black "Alekseenko, Kirill"]
[Result "0-1"]
[ECO "E20"]
[WhiteElo "2383"]
[BlackElo "2704"]
[PlyCount "66"]
[EventDate "2020.01.21"]
[EventType "swiss"]
[EventRounds "10"]
[EventCountry "GGB"]
[SourceTitle "BritBase"]
[Source "John Saunders"]
[SourceDate "2021.06.05"]
[SourceVersion "1"]
[SourceVersionDate "2021.06.05"]
[SourceQuality "1"]
[TimeControl "40/100:0"]
[WhiteClock "0:05:04"]
[BlackClock "0:15:05"]

1. d4 Nf6 2. c4 e6 3. Nc3 Bb4 4. f3 c5 5. d5 d6 6. e4 b5 7. Bd2 Bxc3 8. Bxc3 b4 9. Bd2 exd5 10. cxd5 O-O 11. Be3 Nfd7 12. Ne2 f5 13. Nf4 Ne5 14. Ne6 Bxe6 15. dxe6 Nbc6 16. f4 Ng4 17. Bc4 Qe7 18. Qf3 Nd4 19. Bxd4 cxd4 20. exf5 Ne3 21. Bb3 a5 22. a3 bxa3 23. Rxa3 d5 24. Kf2 Rab8 25. Re1 a4 26. Bxd5 Qh4+ 27. Qg3 Qxg3+ 28. Kxg3 Nxd5 29. Rxa4 Rb3+ 30. Kf2 Rxb2+ 31. Kf3 Rb3+ 32. Kf2 Nxf4 33. Rea1 Nxe6 0-1

[Event "Gibraltar Masters 18th"]
[Site "Gibraltar"]
[Date "2020.01.21"]
[Round "1.9"]
[White "Hedman, Erik"]
[Black "Matlakov, Maxim"]
[Result "1/2-1/2"]
[ECO "D37"]
[WhiteElo "2376"]
[BlackElo "2698"]
[PlyCount "86"]
[EventDate "2020.01.21"]
[EventType "swiss"]
[EventRounds "10"]
[EventCountry "GGB"]
[SourceTitle "BritBase"]
[Source "John Saunders"]
[SourceDate "2021.06.05"]
[SourceVersion "1"]
[SourceVersionDate "2021.06.05"]
[SourceQuality "1"]
[TimeControl "40/100:0"]
[WhiteClock "0:26:45"]
[BlackClock "0:31:45"]

1. d4 Nf6 2. c4 e6 3. Nf3 a6 4. Nc3 d5 5. cxd5 exd5 6. Bg5 Be6 7. e3 Nbd7 8. Bd3 Bd6 9. O-O c6 10. Qc2 Qc7 11. Bf5 Bxf5 12. Qxf5 O-O 13. Bh4 g6 14. Qh3 Rfe8 15. Rac1 Kg7 16. Bg3 h6 17. Ne1 Nb6 18. Nd3 Nc4 19. Rfe1 Bxg3 20. Qxg3 Qe7 21. b3 Nd6 22. f3 Rad8 23. Qf2 h5 24. h3 Nb5 25. Na4 Nd7 26. g4 Rh8 27. Nf4 Rde8 28.
Nb2 Rh7 29. Kg2 Reh8 30. Rh1 a5 31. gxh5 g5 32. Ne2 Nd6 33.
Ng3 Nf6 34. e4 dxe4 35. Nc4 Kg8 36. Nxd6 Qxd6 37. fxe4 Nxh5 38. Nxh5 Rxh5 39. Rc5 Kg7 40. Rxa5 b5 41. Ra7 Qe6 42. Qe3 Kg6 43. Ra6 Rh4 1/2-1/2

[Event "Gibraltar Masters 18th"]
[Site "Gibraltar"]
[Date "2020.01.21"]
[Round "1.11"]
[White "Ioannidis, Evgenios"]
[Black "Cheparinov, Ivan"]
[Result "0-1"]
[ECO "D85"]
[WhiteElo "2373"]
[BlackElo "2686"]
[PlyCount "36"]
[EventDate "2020.01.21"]
[EventType "swiss"]
[EventRounds "10"]
[EventCountry "GGB"]
[SourceTitle "BritBase"]
[Source "John Saunders"]
[SourceDate "2021.06.05"]
[SourceVersion "1"]
[SourceVersionDate "2021.06.05"]
[SourceQuality "1"]
[TimeControl "40/100:0"]
[WhiteClock "0:12:22"]
[BlackClock "1:06:26"]

1. d4 Nf6 2. c4 g6 3. Nc3 d5 4. cxd5 Nxd5 5. e4 Nxc3 6. bxc3 Bg7 7. Qa4+ Nd7 8. Nf3 O-O 9. Qa3 c5 10. Be2 b6 11. e5 Bb7 12. h4 b5 13.
Bxb5 Rb8 14. Qa4 Nb6 15. Qd1 Bxf3 16. Qxf3 cxd4 17. c4 Qc7 18. e6 Nxc4 0-1

[Event "Gibraltar Masters 18th"]
[Site "Gibraltar"]
[Date "2020.01.21"]
[Round "1.12"]
[White "Jones, Gawain C B"]
[Black "Salimova, Nurgyul"]
[Result "1/2-1/2"]
[ECO "B12"]
[WhiteElo "2679"]
[BlackElo "2372"]
[PlyCount "132"]
[EventDate "2020.01.21"]
[EventType "swiss"]
[EventRounds "10"]
[EventCountry "GGB"]
[SourceTitle "BritBase"]
[Source "John Saunders"]
[SourceDate "2021.06.05"]
[SourceVersion "1"]
[SourceVersionDate "2021.06.05"]
[SourceQuality "1"]
[TimeControl "40/100:0"]
[WhiteClock "0:14:58"]
[BlackClock "0:30:05"]

1. e4 c6 2. d4 d5 3. e5 Bf5 4. h4 h6 5. Bd3 Bxd3 6. cxd3 e6 7. Nc3 Ne7 8. h5 Qb6 9. Nf3 Nf5 10. Kf1 Nd7 11. Na4 Qa6 12. g4 Ne7 13. Kg2 Nc8 14. Qc2 Ncb6 15.
Nc5 Nxc5 16. dxc5 Qa4 17. Qxa4 Nxa4 18. d4 b6 19. b4 Be7 20. Nd2 a5 21. a3 Kd7 22. Rh3 f6 23. f4 fxe5 24. fxe5 Rhf8 25. Nb3 axb4 26. axb4 b5 27. Ra2 Rf7 28. Rf2 Rxf2+ 29. Kxf2 Nb2 30. Rf3 Nc4 31. g5 hxg5 32. Rf7 Rf8 33. Rxf8 Bxf8 34. Kf3 Be7 35. Kg4 Ke8 36. Na1 Kf7 37. Nc2 Bf8 38. Kxg5 Be7+ 39. Kg4 Bf8 40. Ne1 Be7 41. Nf3 Bd8 42. Ng5+ Ke7 43. Kg3 Bc7 44. Kf4 Bd8 45. Kg4 Bc7 46. Kf3 Bd8 47. Ke2 Bc7 48. Bf4 Bd8 49. Bg3 Kd7 50. Nf7 Na3 51. Nxd8 Kxd8 52. Kd3 Nc4 53. Bf4 Nb2+ 54. Ke2 Ke8 55. Bd2 Na4 56. Kf3 Kf7 57. Kf4 Kg8 58. Be1 Kf8 59. Kg5 Kf7 60. Bd2 Nb2 61. Kg4 Na4 62. Kf4 Kf8 63. Kf3 Kf7 64. Kg4 Kg8 65. Kf4 Kf8 66. Kg5 Kf7 1/2-1/2

[Event "Gibraltar Masters 18th"]
[Site "Gibraltar"]
[Date "2020.01.21"]
[Round "1.13"]
[White "Tomilova, Elena"]
[Black "Maghsoodloo, Parham"]
[Result "0-1"]
[ECO "A13"]
[WhiteElo "2372"]
[BlackElo "2674"]
[PlyCount "98"]
[EventDate "2020.01.21"]
[EventType "swiss"]
[EventRounds "10"]
[EventCountry "GGB"]
[SourceTitle "BritBase"]
[Source "John Saunders"]
[SourceDate "2021.06.05"]
[SourceVersion "1"]
[SourceVersionDate "2021.06.05"]
[SourceQuality "1"]
[TimeControl "40/100:0"]
[WhiteClock "0:26:06"]
[BlackClock "1:04:28"]

1. c4 e6 2. Nf3 d5 3. b3 d4 4. g3 c5 5. Bg2 Nc6 6. O-O Bd6 7. e3 Nf6 8.
exd4 cxd4 9. d3 O-O 10. Bg5 h6 11. Bxf6 Qxf6 12. Nbd2 Qe7 13. Ne1 e5 14. Nc2 a5 15. a3 f5 16. f4 exf4 17. gxf4 Qc7 18.
Qf3 Ne7 19. Kh1 Ng6 20. Nxd4 Bxf4 21. Qf2 Bd7 22. Bd5+ Kh7 23. Rg1 Bxd2 24. Qxd2 Nf4 25. Bf3 g5 26. Rae1 Rf7 27. Rgf1 g4 28. Bg2 Nxg2 29. Qxg2 Qd6 30. Qd5 Qxd5+ 31. cxd5 Kg6 32. Ne6 Rc8 33. Nf4+ Kg5 34. Re5 Rc3 35. Ne6+ Kg6 36. Nf4+ Kf6 37. d4 Rxb3 38. Ne6 Kg6 39. Nc5 Rxa3 40. Nxd7 Rxd7 41. Rexf5 Rf3 42. R1xf3 gxf3 43. Rxf3 Rxd5 44. Ra3 Kf5 45. Rh3 a4 46. Rh5+ Ke4 47. Rh4+ Kd3 48. Rxh6 Ra5 49. d5 a3 0-1

[Event "Gibraltar Masters 18th"]
[Site "Gibraltar"]
[Date "2020.01.21"]
[Round "1.14"]
[White "Saric, Ivan"]
[Black "Pigott, John C"]
[Result "1-0"]
[ECO "C12"]
[WhiteElo "2655"]
[BlackElo "2370"]
[PlyCount "111"]
[EventDate "2020.01.21"]
[EventType "swiss"]
[EventRounds "10"]
[EventCountry "GGB"]
[SourceTitle "BritBase"]
[Source "John Saunders"]
[SourceDate "2021.06.05"]
[SourceVersion "1"]
[SourceVersionDate "2021.06.05"]
[SourceQuality "1"]
[TimeControl "40/100:0"]
[WhiteClock "1:08:54"]
[BlackClock "0:20:53"]

1. e4 e6 2. d4 d5 3. Nc3 Nf6 4. Bg5 Bb4 5. e5 h6 6. Bc1 Ne4 7. Qg4 Kf8 8. Nge2 c5 9. a3 h5 10. Qf3 Bxc3+ 11. Nxc3 Nc6 12. Nxe4 dxe4 13. Qxe4 Qxd4 14. Qxd4 Nxd4 15. Bd3 c4 16. Be4 Bd7 17. Be3 Bc6 18. Bxc6 Nxc2+ 19. Kd2 Nxa1 20. Bxb7 Rb8 21. Be4 Nb3+ 22. Kc3 Na5 23. Bxa7 Rb3+ 24. Kc2 Rb5 25. f4 g6 26. a4 Rb3 27. Bd4 Kg7 28. Bc3 Nb7 29. Rd1 Nc5 30. Bc6 Rc8 31. Rd6 Kf8 32. a5 Ke7 33. Bf3 f5 34. a6 Ne4 35. Bxe4 fxe4 36. Kd2 Rb5 37. Ke3 Rd5 38. Rb6 Rd7 39. Bd4 Rdc7 40. Kxe4 Rc6 41. Rb7+ R6c7 42. Rb4 Ra8 43. a7 Kd7 44. g3 Rcc8 45. h3 Rc7 46. g4 hxg4 47. hxg4 Rcc8 48. f5 gxf5+ 49. gxf5 exf5+ 50. Kxf5 Rf8+ 51. Ke4 c3 52. bxc3 Kc6 53. e6 Kd6 54. Rb6+ Kc7 55. Rb8 Kc6 56. Be5 1-0

[Event "Gibraltar Masters 18th"]
[Site "Gibraltar"]
[Date "2020.01.21"]
[Round "1.15"]
[White "Reimanis, Ritvars"]
[Black "Adhiban, Baskaran"]
[Result "1/2-1/2"]
[ECO "A43"]
[WhiteElo "2370"]
[BlackElo "2654"]
[PlyCount "63"]
[EventDate "2020.01.21"]
[EventType "swiss"]
[EventRounds "10"]
[EventCountry "GGB"]
[SourceTitle "BritBase"]
[Source "John Saunders"]
[SourceDate "2021.06.05"]
[SourceVersion "1"]
[SourceVersionDate "2021.06.05"]
[SourceQuality "1"]
[TimeControl "40/100:0"]
[WhiteClock "0:02:19"]
[BlackClock "0:01:45"]

1. d4 g6 2. c4 Bg7 3. Nc3 c5 4. d5 d6 5. e4 e6 6. Nf3 exd5 7. cxd5 a6 8. a4 Bg4 9. Qb3 Bxf3 10. gxf3 Nd7 11. Be2 Ngf6 12. Nd1 O-O 13. Bf4 Qc7 14. h4 Nh5 15. Bd2 f5 16. f4 c4 17. Rc1 cxb3 18. Rxc7 Nhf6 19. exf5 Nc5 20. fxg6 hxg6 21. Be3 Ne8 22. Bxc5 Nxc7 23. Bxd6 Nxd5 24. Bxf8 Kxf8 25. Rh3 Nxf4 26. Rxb3 Re8 27. Ne3 Re7 28. Bf3 Bxb2 29. Rxb7 Nd3+ 30. Ke2 Rxb7 31. Bxb7 Nc5 32. Bc6 1/2-1/2

[Event "Gibraltar Masters 18th"]
[Site "Gibraltar"]
[Date "2020.01.21"]
[Round "1.16"]
[White "Esipenko, Andrey"]
[Black "Padmini, Rout"]
[Result "1-0"]
[ECO "D33"]
[WhiteElo "2654"]
[BlackElo "2369"]
[PlyCount "103"]
[EventDate "2020.01.21"]
[EventType "swiss"]
[EventRounds "10"]
[EventCountry "GGB"]
[SourceTitle "BritBase"]
[Source "John Saunders"]
[SourceDate "2021.06.05"]
[SourceVersion "1"]
[SourceVersionDate "2021.06.05"]
[SourceQuality "1"]
[TimeControl "40/100:0"]
[WhiteClock "0:45:36"]
[BlackClock "0:42:37"]

1. c4 e6 2. Nc3 c5 3. Nf3 Nc6 4. g3 d5 5. cxd5 exd5 6. d4 c4 7. Bg2 Bb4 8. Ne5 Nge7 9. O-O O-O 10. Nxc6 bxc6 11. Bd2 a5 12. Na4 Bd6 13. b3 Ba6 14. Re1 Nf5 15. e3 Ba3 16. bxc4 Bxc4 17. Qc2 Nd6 18. Bc1 Bxc1 19. Rexc1 Rb8 20. Nb2 Qf6 21. Qd2 Rb4 22. a3 Rb3 23. Rc3 Rb7 24. e4 Rfb8 25. Rc2 Qg6 26. Nxc4 Nxc4 27. Qc1 Rd7 28. exd5 cxd5 29. Bxd5 Rxd5 30. Rxc4 Rbd8 31. Qc3 h5 32. h4 Qg4 33. Re1 g6 34. Kg2 Rxd4 35. Rxd4 Qxd4 36. Qxa5 Rd5 37. Qb4 Rd8 38. Re8+ Kh7 39. Rxd8 Qxd8 40. Qb7 Kg7 41. a4 Qa5 42. Qb5 Qa8+ 43. Kg1 Qe4 44. a5 Qe1+ 45. Kg2 Qe4+ 46. Kh2 Kh7 47. a6 Qe1 48. Qb6 Qe2 49. a7 Qf3 50. Qd4 Qb7 51. Qa4 Qa8 52. Qa5 1-0

[Event "Gibraltar Masters 18th"]
[Site "Gibraltar"]
[Date "2020.01.21"]
[Round "1.17"]
[White "Melia, Salome"]
[Black "Lagarde, Maxime"]
[Result "0-1"]
[ECO "B33"]
[WhiteElo "2368"]
[BlackElo "2651"]
[PlyCount "84"]
[EventDate "2020.01.21"]
[EventType "swiss"]
[EventRounds "10"]
[EventCountry "GGB"]
[SourceTitle "BritBase"]
[Source "John Saunders"]
[SourceDate "2021.06.05"]
[SourceVersion "1"]
[SourceVersionDate "2021.06.05"]
[SourceQuality "1"]
[TimeControl "40/100:0"]
[WhiteClock "0:00:35"]
[BlackClock "0:22:19"]

1. e4 c5 2. Nf3 e6 3. d4 cxd4 4. Nxd4 Nf6 5. Nc3 Nc6 6. Ndb5 d6 7. Bf4 e5 8. Bg5 a6 9. Na3 b5 10. Nd5 Be7 11. Bxf6 Bxf6 12. c3 Ne7 13. Nxf6+ gxf6 14. Nc2 Bb7 15. a4 Bxe4 16. axb5 Qb6 17. Na3 d5 18. bxa6 Qxb2 19. Qc1 Qxc1+ 20. Rxc1 O-O 21. Be2 Rfb8 22. O-O Rb3 23. Ra1 Rxc3 24. Rfc1 Rxc1+ 25. Rxc1 d4 26. Bb5 Bc6 27. Bc4 Nd5 28. Rb1 Kg7 29. f3 Ne3 30. Bd3 Bd5 31. Rb6 Rc8 32. Kf2 Rc3 33. Nb1 Rxd3 34. a7 Rd1 35. Rb5 Rf1+ 36. Kg3 Rg1 37. Rxd5 Rxg2+ 38. Kh3 Ra2 39. Rd7 Nf1 40. Kg4 Kg6 41. f4 f5+ 42. Kf3 e4# 0-1

[Event "Gibraltar Masters 18th"]
[Site "Gibraltar"]
[Date "2020.01.21"]
[Round "1.18"]
[White "Sasikiran, Krishnan"]
[Black "Vega Gutierrez, Sabrina"]
[Result "1/2-1/2"]
[ECO "B30"]
[WhiteElo "2648"]
[BlackElo "2364"]
[PlyCount "125"]
[EventDate "2020.01.21"]
[EventType "swiss"]
[EventRounds "10"]
[EventCountry "GGB"]
[SourceTitle "BritBase"]
[Source "John Saunders"]
[SourceDate "2021.06.05"]
[SourceVersion "1"]
[SourceVersionDate "2021.06.05"]
[SourceQuality "1"]
[TimeControl "40/100:0"]
[WhiteClock "0:11:20"]
[BlackClock "0:09:04"]

1. e4 c5 2. Nf3 Nc6 3. Nc3 e5 4. Bc4 Be7 5. d3 d6 6. Nd2 Nf6 7. Nf1 Nd7 8. Ne3 Nb6 9. O-O O-O 10. Ned5 Be6 11. f4 exf4 12. Bxf4 Bg5 13. Qh5 h6 14. b3 Nd4 15. Ne3 Nd7 16. Bxg5 Qxg5 17. Qxg5 hxg5 18. a4 a6 19. a5 Ne5 20. Rf2 g6 21. Ncd5 Kg7 22. Rb1 Rab8 23. Nb6 Ndc6 24. Ra1 Rh8 25. h3 Rh4 26. Bxe6 fxe6 27. Raf1 Rf4 28. Rxf4 gxf4 29. Nec4 Nxc4 30. Nxc4 e5 31.
Nxd6 Nxa5 32. g3 Rd8 33. Nc4 Nxc4 34. bxc4 fxg3 35. Rb1 Rd7 36. Kg2 Kh6 37. Kxg3 Rf7 38. Rb6 Re7 39. Kg4 a5 40. Rb5 b6 41. Rxb6 Ra7 42. Rb3 a4 43. Ra3 Ra6 44. c3 Rd6 45. Rxa4 Rxd3 46. Ra5 Re3 47. Rxc5 Rxe4+ 48. Kf3 Rh4 49. Kg2 Re4 50. Kf2 Kg5 51.
Kf3 Kf5 52. Rc8 Rh4 53. Kg2 g5 54. c5 g4 55. c6 gxh3+ 56.
Kh2 Rc4 57. c7 Ke4 58. Kxh3 Rxc3+ 59. Kg4 Rc1 60. Kg5 Rc6 61. Kh5 Ke3 62. Re8 Rxc7 63. Rxe5+ 1/2-1/2

[Event "Gibraltar Masters 18th"]
[Site "Gibraltar"]
[Date "2020.01.21"]
[Round "1.19"]
[White "Shachar, Ehud"]
[Black "Donchenko, Alexander"]
[Result "0-1"]
[ECO "B50"]
[WhiteElo "2363"]
[BlackElo "2647"]
[PlyCount "84"]
[EventDate "2020.01.21"]
[EventType "swiss"]
[EventRounds "10"]
[EventCountry "GGB"]
[SourceTitle "BritBase"]
[Source "John Saunders"]
[SourceDate "2021.06.05"]
[SourceVersion "1"]
[SourceVersionDate "2021.06.05"]
[SourceQuality "1"]
[TimeControl "40/100:0"]
[WhiteClock "0:02:43"]
[BlackClock "0:05:21"]

1. e4 c5 2. Nf3 d6 3. c3 Nf6 4. Be2 g6 5. O-O Bg7 6. Bb5+ Nc6 7. d4 Qb6 8. Ba4 cxd4 9. cxd4 O-O 10. d5 Na5 11. Nc3 Bg4 12. h3 Bxf3 13. Qxf3 Rfc8 14. Qe2 a6 15. a3 Qc7 16. Rd1 b5 17. Bc2 Nd7 18. Rd3 Nc4 19. Rg3 Qa5 20.
Nd1 b4 21. a4 Qc7 22. Bd3 Nde5 23. Bf4 Qc5 24. Rc1 Qd4 25. Bb1 a5 26. b3 Na3 27. Bd3 Rxc1 28. Bxc1 Nxd3 29. Rxd3 Qa1 30. Bb2 Bxb2 31. Qxb2 Qxb2 32. Nxb2 Rc8 33. g3 Rc2 34. Nd1 Nb1 35. Ne3 Rd2 36. Rxd2 Nxd2 37. Kg2 Nxb3 38. Nc4 Nc5 39. Nxa5 b3 40. Nc4 Nxa4 41. Nd2 Nc3 42. Nxb3 Nxe4 0-1

[Event "Gibraltar Masters 18th"]
[Site "Gibraltar"]
[Date "2020.01.21"]
[Round "1.20"]
[White "Tabatabaei, M.Amin"]
[Black "Abrahamyan, Tatev"]
[Result "1-0"]
[ECO "C18"]
[WhiteElo "2638"]
[BlackElo "2363"]
[PlyCount "69"]
[EventDate "2020.01.21"]
[EventType "swiss"]
[EventRounds "10"]
[EventCountry "GGB"]
[SourceTitle "BritBase"]
[Source "John Saunders"]
[SourceDate "2021.06.05"]
[SourceVersion "1"]
[SourceVersionDate "2021.06.05"]
[SourceQuality "1"]
[TimeControl "40/100:0"]
[WhiteClock "0:09:17"]
[BlackClock "0:04:30"]

1. e4 e6 2. d4 d5 3. Nc3 Bb4 4. e5 Ne7 5. a3 Bxc3+ 6. bxc3 c5 7. Qg4 O-O 8. Bd3 f5 9. exf6 Rxf6 10. Bg5 Rf7 11. Qh5 g6 12. Qd1 Nbc6 13.
Nf3 Qf8 14. O-O c4 15. Be2 h6 16. Bc1 Bd7 17. a4 Qg7 18. Qd2 Kh7 19. h3 Nf5 20. Ba3 g5 21. Nh2 Be8 22. Rae1 Qg6 23. Bg4 h5 24. Bxf5 Rxf5 25. g4 hxg4 26. hxg4 Rf7 27. f4 gxf4 28. Rxf4 Bd7 29. Rxf7+ Qxf7 30. Rf1 Qg6 31. Rf3 Re8 32. Qf2 Kg7 33. Bf8+ Kg8 34. Rf6 Qe4 35. Rf7 1-0

[Event "Gibraltar Masters 18th"]
[Site "Gibraltar"]
[Date "2020.01.21"]
[Round "1.21"]
[White "Gschnitzer, Oswald"]
[Black "Narayanan, SL."]
[Result "1/2-1/2"]
[ECO "A41"]
[WhiteElo "2361"]
[BlackElo "2637"]
[PlyCount "116"]
[EventDate "2020.01.21"]
[EventType "swiss"]
[EventRounds "10"]
[EventCountry "GGB"]
[SourceTitle "BritBase"]
[Source "John Saunders"]
[SourceDate "2021.06.05"]
[SourceVersion "1"]
[SourceVersionDate "2021.06.05"]
[SourceQuality "1"]
[TimeControl "40/100:0"]
[WhiteClock "0:05:33"]
[BlackClock "0:06:54"]

1. Nf3 g6 2. e4 Bg7 3. d4 d6 4. c4 Bg4 5. Be2 Nc6 6. Nbd2 Nf6 7. d5 Nb8 8. e5 dxe5 9. Nxe5 Bxe2 10. Qxe2 O-O 11. Ndf3 Qc8 12. O-O c6 13. dxc6 Nxc6 14. b3 Nxe5 15. Nxe5 Qc7 16. Bb2 Rad8 17. Rad1 Nh5 18. g3 Nf6 19. Rfe1 Rfe8 20. Rxd8 Rxd8 21. Rd1 Rxd1+ 22. Qxd1 Nd7 23. Nd3 Bxb2 24. Nxb2 Ne5 25. Qe2 Qd6 26. Qe4 b6 27. Kg2 f6 28. Na4 Kg7 29. Nc3 Qd2 30. Qe3 Qc2 31. h3 h5 32. Nd5 Kf7 33. a4 g5 34. Nb4 Qd1 35.
Nd5 e6 36. Nc7 Qd7 37. Nb5 Qc6+ 38. Kg1 a6 39. Nd4 Qd6 40. Kf1 g4 41. hxg4 hxg4 42. Ke2 f5 43. f4 Nd7 44. b4 Nf6 45. b5 a5 46. Nc6 Ne4 47.
Ne5+ Ke7 48. Nxg4 Qb4 49. Ne5 Qb2+ 50. Ke1 Qa1+ 51. Ke2 Qxa4 52. Qxb6 Qc2+ 53. Kf3 Qd1+ 54. Kg2 Qe2+ 55. Kh3 Qf1+ 56. Kh2 Qe2+ 57. Kh3 Qh5+ 58. Kg2 Qe2+ 1/2-1/2